 Dungeon Crawl Stone Soup version 0.18.1-1-g2f07953 (webtiles) character file.

61 M4edhros the Sneak (level 4, -3/42 HPs)
             Began as an Octopode Artificer on May 7, 2016.
             Slain by a gnoll
             ... wielding a +0 flail
              (5 damage)
             ... on level 3 of the Dungeon.
             The game lasted 00:01:24 (1437 turns).

M4edhros the Sneak (Octopode Artificer)             Turns: 1437, Time: 00:01:25

Health: -3/42      AC: 22    Str:  7 (10) XL:     4   Next: 7%
Magic:  6/6        EV:  2    Int: 11 (14) God:
Gold:   71         SH:  0    Dex: 11 (13) Spells: 0 memorised, 3 levels left

rFire  . . .     SeeInvis .     (no weapon)
rCold  . . .     Gourm    .     (no shield)
rNeg   + + +     Faith    .     (helmet currently unavailable)
rPois  +         Spirit   .     (no amulet)
rElec  .         Dismiss  .     (no ring)
rCorr  .         Reflect  .     (no ring)
SustAt .         Harm     .     (no ring)
MR     .....     NoTele   +     (no ring)
Stlth  ++++......               (no ring)
                                (no ring)
                                (no ring)
                                (no ring)

@: tree-form, not resistant to hostile enchantments, stealthy
A: almost no armour, (amphibious), 8 rings, (constrict 8), (camouflage 0),
(gelatinous body 0)
a: no special abilities


You were on level 3 of the Dungeon.
You were hungry.
You were a tree.
You visited 1 branch of the dungeon, and saw 3 of its levels.

You collected 71 gold pieces.

Inventory:

Hand Weapons
 a - a +0 short sword
 t - a +0 blowgun
Missiles
 u - 14 poisoned needles
Jewellery
 s - a cursed -2 ring of dexterity {unknown}
Wands
 b - a wand of flame (15/48)
 c - a wand of enslavement (15/24)
 d - a wand of random effects (15/48)
Scrolls
 e - 4 scrolls of identify {unknown}
 g - 2 scrolls of remove curse {unknown}
 h - a scroll of fog {unknown}
 j - a scroll of teleportation {unknown}
 k - a scroll of amnesia {unknown}
 l - 2 scrolls of immolation {unknown}
 m - a scroll of recharging {unknown}
 n - a scroll of magic mapping {unknown}
 q - a scroll of random uselessness {unknown}
 w - a scroll of enchant armour {unknown}
Comestibles
 f - a bread ration
 o - a fruit
 p - 2 slices of pizza


   Skills:
 - Level 1.0 Fighting
 - Level 1.0 Short Blades
 - Level 2.0 Dodging
 + Level 5.5 Stealth
 - Level 3.2 Evocations


You had 3 spell levels left.
You didn't know any spells.

Dungeon Overview and Level Annotations

Branches:
Dungeon (3/15)

Altars:
Qazlal
Vehumet
Xom


Innate Abilities, Weirdness & Mutations

You cannot wear most types of armour.
((You are amphibious.))
You can wear up to eight rings at the same time.
((You can use your tentacles to constrict eight enemies at once.))
((Your skin changes colour to match your surroundings (Stealth).))
((Your rubbery body absorbs attacks (AC +1).))


Message History

It was a potion of degeneration.
There was something very wrong with that liquid.
You feel weakened.
You feel dopey.
You feel clumsy. The bat hits you.
* * * LOW HITPOINT WARNING * * *
The bat misses you.
Drink which item? (? for menu, Esc to quit)
It was a potion of lignification.
You turn into a tree.
Your roots penetrate the ground.
The gnoll hits you but does no damage.
You are now empty-handed.
Really attack barehanded?
You closely miss the gnoll.
The gnoll is heavily wounded.
The gnoll hits you but does no damage.
You hit the gnoll.
The gnoll is heavily wounded.
You hit the gnoll but do no damage.
The gnoll is heavily wounded.
The gnoll hits you with a flail.
You die...

#..........##....†.......
##.##..§...##..........._
...#..§§§..##.....#..<..(
#.#
#..§._...#....<......#. #
...#.§.§........g#######
..###..§g.........# ..
####bg###.....# #g##
####### #♣# . #.# ## ###


You could see 2 gnolls, a goblin and a bat.

Vanquished Creatures
  2 adders (D:2)
  A giant gecko (D:2)
  An orc (D:3)
  3 giant cockroaches
  4 goblins
  2 hobgoblins
  7 kobolds
  3 quokkas (D:2)
  4 bats
  5 giant newts
  10 rats
42 creatures vanquished.

Vanquished Creatures (others)
  A goblin (D:3)
1 creature vanquished.

Grand Total: 43 creatures vanquished

Notes
Turn   | Place    | Note
--------------------------------------------------------------
     0 | D:1      | M4edhros the Octopode Artificer began the quest for the Orb.
     0 | D:1      | Reached XP level 1. HP: 13/13 MP: 3/3
   149 | D:1      | Reached skill level 2 in Stealth
   278 | D:1      | Reached skill level 3 in Stealth
   278 | D:1      | Reached XP level 2. HP: 18/18 MP: 4/4
   675 | D:2      | Reached skill level 4 in Stealth
   702 | D:2      | Reached XP level 3. HP: 18/23 MP: 5/5
  1086 | D:2      | Reached skill level 5 in Stealth
  1266 | D:3      | Reached XP level 4. HP: 28/28 MP: 6/6
  1328 | D:3      | Found a radiant altar of Vehumet.
  1343 | D:3      | Found a stormy altar of Qazlal.
  1343 | D:3      | Found a shimmering altar of Xom.
  1425 | D:3      | HP: 1/28 [bat (1)]
  1431 | D:3      | HP: 1/28 [bat (1)]
  1437 | D:3      | Slain by a gnoll

Skill      XL: |  1  2  3 |
---------------+----------+-----
Stealth        | 3 4 5 |  5.5
Fighting       | |  1.0
Short Blades   | |  1.0
Dodging        | |  2.0
Evocations     | |  3.2

Action                   |  1- 3 |  4- 6 || total
-------------------------+-------+-------++-------
Melee: Short sword       |    65 |    12 ||    77
       Constrict         |    15 |     2 ||    17
       Tentacles         |     8 |     2 ||    10
       Unarmed           |       |     3 ||     3
  Use: Potion            |       |     3 ||     3
 Stab: Sleeping          |    16 |     1 ||    17
  Eat: Chunk             |       |     1 ||     1
Armor: Skin              |     4 |     6 ||    10
Dodge: Dodged            |    23 |    26 ||    49
